 Dungeon Crawl Stone Soup version 0.23-a0-622-g59b4ea9 (webtiles) character file.

5075 TheGoonsmith the Grappler (level 10, -3/102 HPs)
             Began as a Troll Monk on Dec 23, 2018.
             Was an Initiate of Ru.
             Slain by a seven-headed hydra (4 damage)
             ... on level 1 of the Lair of Beasts.
             The game lasted 00:17:11 (8100 turns).

TheGoonsmith the Grappler (Troll Monk)              Turns: 8100, Time: 00:17:12

Health: -3/102     AC: 14    Str: 21    XL:     10   Next: 31%
Magic:  8/8        EV: 10    Int:  6    God:    Ru [......]
Gold:   362        SH:  0    Dex: 15    Spells: 9/9 levels left

rFire    x . .     SeeInvis .     - Unarmed
rCold    + + .     Gourm    +   (no shield)
rNeg     . . .     Faith    .   q - +0 ice dragon scales
rPois    .         Spirit   .   (helmet restricted)
rElec    .         Reflect  .   D - +1 cloak
rCorr    .         Harm     .   (gloves unavailable)
MR       .....                  (boots unavailable)
Stlth    ..........             (no amulet)
HPRegen  0.67/turn              (no ring)
MPRegen  0.11/turn              (no ring)

@: no status effects
A: large, unfitting armour, claws 3, fast metabolism 3, gourmand, low mp 1,
regeneration 1, shaggy fur 1, tough skin 2
a: Renounce Religion


You were on level 1 of the Lair of Beasts.
You worshipped Ru.
Ru was noncommittal.
You were very full.

You visited 3 branches of the dungeon, and saw 11 of its levels.
You also visited: Sewer.

You collected 498 gold pieces.
You spent 136 gold pieces at shops.

Inventory:

Missiles
 C - a javelin (quivered)
Armour
 a - a +0 robe
 q - +0 ice dragon scales (worn)
 s - a scarf of spirit shield
 D - a +1 cloak (worn)
 G - the cursed +0 robe of Untruth {rN+ rCorr}
   (You found it on level 8 of the Dungeon)

   It protects you from negative energy.
   It provides partial protection from all sources of acid and corrosion.
   It has a curse placed upon it.
Jewellery
 k - an uncursed ring of wizardry
Wands
 y - a wand of flame (12)
 A - a wand of disintegration (16)
Scrolls
 c - a scroll of magic mapping
 f - 4 scrolls of blinking
 h - 6 scrolls of remove curse
 n - a scroll of fear
 r - 2 scrolls of teleportation
 x - 2 scrolls of enchant weapon
 E - 3 scrolls of fog
 H - a scroll of identify
Potions
 d - 3 potions of might
 e - 2 potions of resistance
 g - 12 potions of curing
 i - 2 potions of haste
 j - 5 potions of heal wounds
 l - 2 potions of mutation
 m - a potion of cancellation {unknown}
 o - a potion of berserk rage {unknown}
 p - a potion of degeneration {unknown}
 t - 2 potions of flight
 u - 2 potions of agility
 v - 4 potions of brilliance
 w - 2 potions of magic
 z - 2 potions of invisibility {unknown}
 B - a potion of lignification {unknown}
 F - a potion of ambrosia {unknown}
Comestibles
 b - 15 rations


   Skills:
 + Level 7.0 Fighting
 * Level 0.9 Throwing
 + Level 0.3 Armour
 - Level 5.0 Dodging
 - Level 1.0 Stealth
 + Level 12.1 Unarmed Combat


You had 9 spell levels left.
You didn't know any spells.
Your spell library contained the following spells:

 Spells                   Type           Power        Failure   Level  Hunger
 Confusing Touch          Hex            #.....       88%         1    ##.....
 Corona                   Hex            #......      88%         1    ##.....
 Slow                     Hex            #.......     95%         2    ###....
 Confuse                  Hex            #.......     99%         3    ####...
 Gell's Gravitas          Tloc           #.........   99%         3    ####...
 Inner Flame              Hex/Fire       #.......     99%         3    ####...
 Portal Projectile        Hex/Tloc       #.....       99%         3    ####...
 Cause Fear               Hex            #.........   100%        4    #####..
 Leda's Liquefaction      Hex/Erth       #.........   100%        4    #####..
 Petrify                  Tmut/Erth      #.......     100%        4    #####..
 Metabolic Englaciation   Hex/Ice        #.........   100%        5    ######.
 Yara's Violent Unravell  Hex/Tmut       #.........   100%        5    ######.


Dungeon Overview and Level Annotations

Branches:
Dungeon (9/15)             Temple (1/1) D:5            Lair (1/6) D:9
    Orc: D:9-12

Altars:
Ashenzari
Cheibriados
Dithmenos
Elyvilon
Fedhas
Gozag
Hepliaklqana
Kikubaaqudgha
Makhleb
Nemelex Xobeh
Okawaru
Qazlal
Ru
Sif Muna
Trog
Uskayaw
Vehumet
Wu Jian
Xom
Yredelemnul
Zin
The Shining One

Shops:
D:5 *   D:6 =


Innate Abilities, Weirdness & Mutations

You are too large for most types of armour.
You have claws for hands.
Your metabolism is lightning-fast.
You like to eat raw meat.
Your magical capacity is low. (-10% MP)
Your natural rate of healing is unusually fast.
You are covered in fur. (AC +1)
You have very tough skin. (AC +2)


Message History

Press: ? - help, Shift-Dir - straight line, f/p - seven-headed hydra
Aim: a seven-headed hydra (heavily wounded)
You throw a javelin.
The javelin hits the seven-headed hydra.
The seven-headed hydra is severely wounded.
The seven-headed hydra bites you but does no damage.
The seven-headed hydra barely misses you.
The seven-headed hydra bites you.
* * * LOW HITPOINT WARNING * * *
The seven-headed hydra barely misses you.
The seven-headed hydra bites you.
* * * LOW HITPOINT WARNING * * *
The seven-headed hydra bites you!
* * * LOW HITPOINT WARNING * * *
The seven-headed hydra bites you!
* * * LOW HITPOINT WARNING * * *
The porcupine bites you but does no damage.
The seven-headed hydra barely misses you.
The seven-headed hydra bites you.
You die...

#.............
#.............
#.............
#.........$...
#.............
#.......(.....
#.............
#.....@r......
#.....D.......
#..(..(.......
#.............
#...(.......##
#.#.(.(..#)...
#####.####....
## ...


You could see a seven-headed hydra and a porcupine.

Vanquished Creatures
  Pikel (D:4)
  2 hippogriffs
  Sigmund (D:5)
  A wyvern (D:9)
  A basilisk (D:9)
  A steam dragon (D:9)
  A hungry ghost (D:9)
  Menkaure (D:5)
  Duvessa (D:6)
  A slave (D:4)
  3 ice beasts
  A phantom (D:5)
  4 centaurs
  4 ogres
  2 crocodiles (D:9)
  Blork the orc (D:5)
  4 big kobolds
  4 bullfrogs
  Dowan (D:6)
  A gnoll sergeant (D:8)
  2 scorpions (D:9)
  3 crimson imps (D:7)
  2 jellies (D:7)
  A quasit (D:7)
  2 hounds
  7 orc priests
  A bullfrog skeleton (D:8)
  A gnoll shaman (D:5)
  4 orc wizards
  A centaur skeleton (D:9)
  Crazy Yiuf (D:5)
  2 iguanas
  5 worker ants
  A killer bee zombie (D:9)
  3 hound skeletons
  11 adders
  8 gnolls
  A howler monkey skeleton (D:5)
  2 river rats (D:3)
  2 shadow imps
  2 oozes
  3 adder skeletons
  2 worms
  5 dart slugs
  7 leopard geckos
  27 orcs
  6 giant cockroaches
  12 goblins
  A hobgoblin (D:1)
  14 jackals
  23 kobolds
  6 quokkas
  4 ball pythons (Sewer)
  9 bats
  3 frilled lizards
  A leopard gecko skeleton (D:4)
  A quokka skeleton (D:7)
  12 rats
  2 fungi (D:5)
236 creatures vanquished.

Notes
Turn   | Place    | Note
-------+----------+-------------------------------------------
     0 | D:1      | TheGoonsmith the Troll Monk began the quest for the Orb.
     0 | D:1      | Reached XP level 1. HP: 22/22 MP: 0/0
    96 | D:1      | Reached XP level 2. HP: 26/29 MP: 1/1
   468 | D:2      | Reached XP level 3. HP: 36/36 MP: 2/2
   787 | D:2      | Reached skill level 4 in Unarmed Combat
  1516 | D:3      | Reached XP level 4. HP: 44/44 MP: 3/3
  1647 | D:3      | Found a stormy altar of Qazlal.
  1663 | D:3      | Reached XP level 5. HP: 41/53 MP: 4/4
  1932 | D:3      | Found a glowing drain.
  1940 | Sewer    | Entered a sewer
  1972 | Sewer    | Reached skill level 5 in Unarmed Combat
  2110 | Sewer    | Reached XP level 6. HP: 47/61 MP: 2/5
  2210 | Sewer    | HP: 3/62 [poisoned by a kobold]
  2215 | Sewer    | HP: 2/62 [poisoned by a kobold]
  2220 | Sewer    | HP: 2/62 [poisoned by a kobold]
  2225 | Sewer    | HP: 3/62 [poisoned by a kobold]
  2566 | D:3      | Found a snail-covered altar of Cheibriados.
  3126 | D:4      | Noticed a slave
  3127 | D:4      | Noticed a slave
  3131 | D:4      | Noticed a slave
  3132 | D:4      | Noticed Pikel
  3134 | D:4      | Noticed a slave
  3136 | D:4      | Killed a slave
  3218 | D:4      | Killed Pikel
  3218 | D:4      | Reached skill level 7 in Unarmed Combat
  3218 | D:4      | Reached XP level 7. HP: 34/71 MP: 3/6
  3309 | D:4      | Found an ornate altar of the Wu Jian Council.
  3309 | D:4      | Found a deep blue altar of Sif Muna.
  3314 | D:4      | Found a hazy altar of Hepliaklqana.
  3316 | D:4      | Found a blossoming altar of Fedhas.
  3317 | D:4      | Found a sacrificial altar of Ru.
  3324 | D:4      | Became a worshipper of Ru the Awakened
  3514 | D:4      | Reached XP level 8. HP: 73/79 MP: 7/7
  3737 | D:5      | Entered Level 5 of the Dungeon
  3746 | D:5      | Noticed Menkaure
  3751 | D:5      | Killed Menkaure
  3874 | D:5      | Found Megid's Assorted Antiques.
  3882 | D:5      | Bought 2 bubbling cyan potions for 36 gold pieces
  3882 | D:5      | Bought a scroll of identify for 40 gold pieces
  3882 | D:5      | Bought a potion of curing for 60 gold pieces
  3969 | D:5      | Found a staircase to the Ecumenical Temple.
  4032 | Temple   | Entered the Ecumenical Temple
  4301 | D:5      | Reached skill level 8 in Unarmed Combat
  4306 | D:5      | Reached skill level 5 in Fighting
  4306 | D:5      | Reached skill level 5 in Dodging
  4463 | D:5      | Noticed Sigmund
  4474 | D:5      | Killed Sigmund
  4812 | D:5      | Noticed Blork the orc
  4820 | D:5      | Killed Blork the orc
  4820 | D:5      | Reached skill level 9 in Unarmed Combat
  4879 | D:5      | Found a runed door.
  4883 | D:5      | Noticed Crazy Yiuf
  4888 | D:5      | Killed Crazy Yiuf
  4937 | D:6      | Found a bloodstained altar of Trog.
  4962 | D:6      | Reached XP level 9. HP: 45/88 MP: 8/8
  5211 | D:6      | Found Esteseos's Jewellery Shop.
  5275 | D:6      | Noticed Dowan
  5276 | D:6      | Noticed Duvessa
  5286 | D:6      | Killed Duvessa
  5300 | D:6      | Killed Dowan
  5643 | D:7      | Reached skill level 10 in Unarmed Combat
  5660 | D:7      | Found a glowing golden altar of the Shining One.
  5848 | D:7      | Found a bloodstained altar of Trog.
  6398 | D:8      | Reached skill level 11 in Unarmed Combat
  6413 | D:8      | Got an ancient robe
  6414 | D:8      | Identified the cursed +0 robe of Untruth {rN+ rCorr} (You
                  | found it on level 8 of the Dungeon)
  7014 | D:9      | Found a glowing silver altar of Zin.
  7036 | D:9      | Reached XP level 10. HP: 102/102 MP: 9/9
  7091 | D:9      | Found a glowing silver altar of Zin.
  7092 | D:9      | Noticed an angel
  7094 | D:9      | Found a shimmering altar of Xom.
  7143 | D:9      | Gained mutation: Your magical capacity is low. (-10% MP)
                  | [Ru sacrifice]
  7490 | D:9      | Found a radiant altar of Vehumet.
  7670 | D:9      | Reached skill level 12 in Unarmed Combat
  7688 | D:9      | Found a staircase to the Lair.
  8091 | Lair:1   | Entered Level 1 of the Lair of Beasts
  8091 | Lair:1   | Noticed a seven-headed hydra
  8100 | Lair:1   | HP: 1/102 [seven-headed hydra (8)]
  8100 | Lair:1   | Slain by a seven-headed hydra

Vault maps used:
D:1:      roderic_chinese_lattice_arrival
D:2:      minmay_angry_zag, corexii_leaking_fountain
D:3:      lemuel_round_altar, gup_sewer_entry_bubbles, first_ration,
          cheibriados_altar_1
D:4:      chequers_temple_overflow_minitemple, uniq_pikel
D:5:      minmay_temple_entry_slanted, serial_shops, nicolae_shop_statue_plus,
          uniq_crazy_yiuf_cottage, uniq_sigmund, uniq_blork_the_orc,
          uniq_menkaure
D:6:      serial_shops, nicolae_shop_stone, bloody_trog, uniq_duvessa
D:7:      kennysheep_mini, kennysheep_little_box
D:9:      grunt_temple_overflow_order_and_chaos_1, vehumet_crystals,
          erik_lair_dragon, basic_altar
Temple:   jpeg_temple_alley_garden
Lair:1:   statuecave_lemuel, grunt_forest_small_clearings, beast_lair_carwin_1,
          minmay_lair_oklob_chamber, grunt_megastairs_3, lemuel_fruit_tree
Sewer:    kennysheep_pipe_town

Skill      XL: |  1  2  3  4  5  6  7  8  9 10 |
---------------+-------------------------------+-----
Unarmed Combat | 4 5 7 9 11 12 | 12.1
Fighting       | 3 4 5 7 |  7.0
Dodging        | 3 4 5 |  5.0
Throwing       | |  0.9
Armour         | |  0.3
Stealth        | |  1.0

Action                   |  1- 3 |  4- 6 |  7- 9 | 10-12 || total
-------------------------+-------+-------+-------+-------++-------
Melee: Unarmed           |    77 |   206 |   342 |    65 ||   690
       Punch             |     2 |     4 |     6 |     6 ||    18
Throw: Javelin           |       |       |       |     7 ||     7
Invok: Reject Sacrifices |       |       |     1 |       ||     1
       Sacrifice Essence |       |       |       |     1 ||     1
  Use: Scroll            |       |    13 |     5 |     1 ||    19
       Potion            |       |     2 |       |     2 ||     4
 Stab: Sleeping          |     2 |     2 |     2 |       ||     6
       Distracted        |       |       |     1 |       ||     1
  Eat: Chunk             |    11 |    17 |    39 |    14 ||    81
       Ration            |       |       |     1 |       ||     1
Armor: Robe              |    24 |    59 |    48 |       ||   131
       Ice dragon scales |       |       |    60 |    55 ||   115
Dodge: Dodged            |    47 |   127 |   164 |    37 ||   375

Table legend:
 A = Non-vault XP
 B = Vault XP
 C = Vault XP percentage of total XP
 D = Non-vault monster count
 E = Vault monster count
 F = Vault count percentage of total count
                 A         B        C        D         E       F
            +---------+---------+-------+---------+---------+-------
      Total |    4604 |    2646 |  36.5 |     183 |      50 |  21.5
            +---------+---------+-------+---------+---------+-------
        D:1 |      37 |       0 |   0.0 |      16 |       0 |   0.0
        D:2 |      37 |      13 |  26.0 |      13 |       7 |  35.0
        D:3 |     204 |      35 |  14.6 |      38 |       7 |  15.6
        D:4 |      97 |     697 |  87.8 |       8 |       1 |  11.1
        D:5 |     648 |     537 |  45.3 |      24 |       4 |  14.3
        D:6 |     387 |     223 |  36.6 |       9 |       2 |  18.2
        D:7 |     976 |       0 |   0.0 |      24 |       0 |   0.0
        D:8 |    1200 |       0 |   0.0 |      38 |       0 |   0.0
        D:9 |    1018 |     791 |  43.7 |      13 |       5 |  27.8
      Sewer |       0 |     350 | 100.0 |       0 |      24 | 100.0
            +---------+---------+-------+---------+---------+-------
